 Dungeon Crawl Stone Soup version 0.30.0-5-g1a98f26d00 (webtiles) character file.

Game seed: 3952491317139605084

61 CaptainMV the Vexing (level 4, -3/34 HPs)
             Began as a Gnoll Hexslinger on May 11, 2023.
             Succumbed to their own poison gas
             ... on level 2 of the Dungeon.
             The game lasted 00:11:03 (929 turns).

CaptainMV the Vexing (Gnoll Hexslinger)              Turns: 929, Time: 00:11:03

Health: -3/34      AC:  4    Str: 10    XL:     4   Next: 7%
Magic:  8/8        EV: 13    Int: 14    God:
Gold:   52         SH:  0    Dex: 12    Spells: 1/8 levels left

rFire   . . .        b - +0 short sword
rCold   . . .        (no shield)
rNeg    . . .        c - +0 robe
rPois   .            (no helmet)
rElec   .            (no cloak)
rCorr   .            d - +1 pair of gloves
SInv    .            (no boots)
Will    +....        (no amulet)
Stlth   ++           (no ring)
HPRegen 0.25/turn    (no ring)
MPRegen 0.11/turn

%: no passive effects
@: lethally poisoned (-3 -> -20)
A: fangs 1, strong nose, distributed training, strong-willed 1
a: no special abilities


You were on level 2 of the Dungeon.
You visited 1 branch of the dungeon, and saw 2 of its levels.

You collected 52 gold pieces.

Inventory:

Hand Weapons
 a - a +1 heavy sling
 b - a +0 short sword (weapon)
Armour
 c - a +0 robe (worn)
 d - a +1 pair of gloves (worn)
Scrolls
 e - a scroll of identify
Potions
 f - a potion of heal wounds {unknown}
 h - a potion of brilliance {unknown}


   Skills:
 + Level 2.7 Fighting
 + Level 1.0 Short Blades
 + Level 1.0 Long Blades
 + Level 1.0 Axes
 + Level 1.0 Maces & Flails
 + Level 1.0 Polearms
 + Level 1.0 Staves
 + Level 4.6 Ranged Weapons
 + Level 1.0 Throwing
 + Level 1.0 Armour
 + Level 4.6 Dodging
 + Level 1.0 Stealth
 + Level 1.0 Shields
 + Level 1.0 Unarmed Combat
 + Level 2.9 Spellcasting
 + Level 0.8 Conjurations
 + Level 5.4 Hexes
 + Level 0.8 Summonings
 + Level 0.8 Necromancy
 + Level 0.8 Translocations
 + Level 0.8 Transmutations
 + Level 0.8 Fire Magic
 + Level 0.8 Ice Magic
 + Level 0.8 Air Magic
 + Level 0.8 Earth Magic
 + Level 0.8 Poison Magic
 + Level 1.1 Invocations
 + Level 1.0 Evocations


You had one spell level left.
You knew the following spells:

 Your Spells              Type           Power      Damage    Failure   Level
a - Slow                  Hex            68%        N/A       2%          1
b - Inner Flame           Hex/Fire       10%        N/A       19%         3
c - Portal Projectile     Hex/Tloc       20%        N/A       19%         3

Your spell library contained the following spells:

 Spells                   Type           Power      Damage    Failure   Level
 Cause Fear               Hex            8%         N/A       22%         4


Dungeon Overview and Level Annotations

Branches:
Dungeon (2/15)

Altars:


Innate Abilities, Weirdness & Mutations

You have very sharp teeth.
Your uncanny sense of smell can sniff out nearby items.
Your experience applies equally to all skills.
You are strong-willed. (Will+)


Message History

You hit the gnoll.
The gnoll is lightly wounded.
The gnoll misses you.
The gnoll hits you from afar with a +0 spear.
You hit the gnoll but do no damage.
The gnoll is lightly wounded.
The gnoll barely misses you. x2
You hit the gnoll.
The gnoll is lightly wounded.
The gnoll misses you.
The gnoll hits you from afar with a +0 spear.
You closely miss the gnoll.
The gnoll is lightly wounded.
The gnoll hits you with a +0 club.
The gnoll hits you from afar with a +0 spear.
You hit the gnoll.
The gnoll is moderately wounded.
The gnoll hits you from afar with a +0 spear.
* * * LOW HITPOINT WARNING * * *
The gnoll barely misses you.
You closely miss the gnoll.
The gnoll is moderately wounded.
The gnoll hits you but does no damage. The gnoll closely misses you.
You barely miss the gnoll.
The gnoll is moderately wounded.
The gnoll hits you with a +0 club.
* * * LOW HITPOINT WARNING * * *
The gnoll closely misses you.
Read: scroll of poison
Press: ? - help, Q - select action, (/) - cycle Dir - look around, f - activate The air fills with toxic fumes!
As you read the scroll of poison, it crumbles to dust.
The gnoll closely misses you. The gnoll hits you with a +0 club.
* * * LOW HITPOINT WARNING * * *
Really walk into that cloud of poison gas?
The gnoll attacks as you move away! The gnoll hits you with a +0 club.
* * * LOW HITPOINT WARNING * * *
You are engulfed in poison gas.
You are lethally poisoned!
You die...

#.# #.# #§# ##+##
###§## ##...## #.
#§§§§ ##.....## #.
#§§§# ##.......###.
##§§§####.........##.
#§§§§§§.'.........+..
###§§@####.........##[
#.#§.## ##.......##..
#§g## ##.....##...
#§g.# ##...####..
#§##.g# ##'## ##. ##
g## ###.# ##
########...## #
#.......#..######
#.####.###.......


You could see 2 gnolls.

Vanquished Creatures
  2 adders (D:2)
  A worm (D:2)
  2 dart slugs (D:1)
  A ball python (D:1)
  2 endoplasms (D:1)
  6 giant cockroaches
  2 goblins (D:1)
  A hobgoblin (D:1)
  A quokka (D:1)
  3 bats (D:1)
  7 frilled lizards (D:1)
  5 kobolds
  2 rats (D:1)
35 creatures vanquished.

Notes
Turn   | Place    | Note
-------+----------+-------------------------------------------
     0 | D:1      | CaptainMV the Gnoll Hexslinger began the quest for the Orb.
     0 | D:1      | Reached XP level 1. HP: 17/17 MP: 4/4
    85 | D:1      | Reached XP level 2. HP: 19/23 MP: 5/5
   394 | D:1      | Reached XP level 3. HP: 28/28 MP: 7/7
   490 | D:1      | Reached skill level 1 in Invocations
   499 | D:1      | Learned a level 3 spell: Inner Flame
   503 | D:1      | Learned a level 3 spell: Portal Projectile
   744 | D:2      | Reached skill level 1 in Short Blades
   744 | D:2      | Reached skill level 1 in Long Blades
   744 | D:2      | Reached skill level 1 in Axes
   744 | D:2      | Reached skill level 1 in Maces & Flails
   744 | D:2      | Reached skill level 1 in Polearms
   744 | D:2      | Reached skill level 1 in Staves
   744 | D:2      | Reached skill level 1 in Throwing
   744 | D:2      | Reached skill level 1 in Armour
   744 | D:2      | Reached skill level 1 in Stealth
   744 | D:2      | Reached skill level 1 in Shields
   744 | D:2      | Reached skill level 1 in Unarmed Combat
   744 | D:2      | Reached skill level 1 in Evocations
   744 | D:2      | Gained mutation: You are strong-willed. (Will+) [potion of
                  | mutation]
   744 | D:2      | Gained mutation: Your muscles are strong. (Str +4, Int/Dex
                  | -1) [potion of mutation]
   744 | D:2      | Lost mutation: Your muscles are strong. (Str +4, Int/Dex
                  | -1) [potion of mutation]
   860 | D:2      | Reached XP level 4. HP: 34/34 MP: 2/8
   929 | D:2      | HP: 1/34 [gnoll/+0 club (3)]
   929 | D:2      | Succumbed to their own poison gas

Illustrated notes

Levels and vault maps discovered:
D:1:      arrival_zaba_pyramid, layout_basic, minmay_lizard_pond
D:2:      layout_loops_corners

Skill      XL: |  1  2  3 |
---------------+----------+-----
Invocations    | 1 |  1.1
Short Blades   | 1 |  1.0
Long Blades    | 1 |  1.0
Axes           | 1 |  1.0
Maces & Flails | 1 |  1.0
Polearms       | 1 |  1.0
Staves         | 1 |  1.0
Throwing       | 1 |  1.0
Armour         | 1 |  1.0
Stealth        | 1 |  1.0
Shields        | 1 |  1.0
Unarmed Combat | 1 |  1.0
Evocations     | 1 |  1.0
Fighting       | |  2.7
Ranged Weapons | |  4.6
Dodging        | |  4.6
Spellcasting   | |  2.9
Conjurations   | |  0.8
Hexes          | |  5.4
Summonings     | |  0.8
Necromancy     | |  0.8
Translocations | |  0.8
Transmutations | |  0.8
Fire Magic     | |  0.8
Ice Magic      | |  0.8
Air Magic      | |  0.8
Earth Magic    | |  0.8
Poison Magic   | |  0.8

Action                     |  1- 3 |  4- 6 || total
---------------------------+-------+-------++-------
  Melee: Short sword       |    83 |     8 ||    91
         Bite              |     6 |       ||     6
   Fire: Sling             |    34 |     2 ||    36
   Cast: Slow              |     5 |       ||     5
         Inner Flame       |     3 |       ||     3
    Use: Scroll            |     3 |     1 ||     4
         Potion            |     2 |       ||     2
   Stab: Sleeping          |     1 |       ||     1
 Armour: Robe              |    27 |     1 ||    28
  Dodge: Dodged            |    65 |     9 ||    74
